 Dungeon Crawl Stone Soup version 0.28.0-53-g5a82cb258f (webtiles) character file.

Game seed: 296957167586170840

4209 safid the Severer (level 10, -19/86 HPs)
             Began as a Hill Orc Fighter on July 29, 2022.
             Demolished by a phantasmal warrior (21 damage)
             ... led by a death knight
             ... on level 8 of the Dungeon.
             The game lasted 00:14:49 (9308 turns).

safid the Severer (Hill Orc Fighter)                Turns: 9308, Time: 00:14:50

Health: -19/86     AC: 14    Str: 24    XL:     10   Next: 29%
Magic:  10/10      EV:  6    Int:  8    God:
Gold:   171        SH:  5    Dex: 16    Spells: 9/9 levels left

rFire   + . .      SeeInvis +   y - +4 broad axe (venom)
rCold   + . .      Faith    .   c - +0 buckler
rNeg    . . .      Spirit   .   e - +0 plate armour
rPois   .          Reflect  .   (no helmet)
rElec   .          Harm     .   z - scarf {rC+ rF+}
rCorr   .          Rampage  .   d - +0 pair of gloves
Will    .....                   j - +0 pair of boots
Stlth   ..........              (no amulet)
HPRegen 0.24/turn               v - +6 ring of dexterity
MPRegen 0.12/turn               (no ring)

@: unable to read
A: see invisible, robust 1, wild magic 1, inability to read while threatened
a: no special abilities


You were on level 8 of the Dungeon.
You visited 1 branch of the dungeon, and saw 8 of its levels.
You also visited: Sewer.

You collected 355 gold pieces.
You spent 184 gold pieces at shops.

Inventory:

Hand Weapons
 y - a +4 broad axe of venom (weapon)
Missiles
 p - 4 curare-tipped darts (quivered)
Armour
 c - a +0 buckler (worn)
 d - a +0 pair of gloves (worn)
 e - a +0 plate armour (worn)
 j - a +0 pair of boots (worn)
 z - a scarf of resistance (worn)
Jewellery
 a - a ring of ice
 l - an amulet of faith
 v - a +6 ring of dexterity (left hand)
 C - a ring of protection from cold
Wands
 q - a wand of digging (5)
 s - a wand of polymorph (6)
Scrolls
 g - 2 scrolls of magic mapping
 h - 2 scrolls of torment
 k - 3 scrolls of vulnerability
 n - 3 scrolls of teleportation
 r - a scroll of immolation {unknown}
 t - a scroll of fog
 w - a scroll of acquirement {unknown}
 x - a scroll of fear {unknown}
 A - a scroll of silence {unknown}
 B - a scroll of enchant armour {unknown}
Potions
 b - 4 potions of magic
 f - a potion of might
 i - a potion of lignification {unknown}
 m - a potion of mutation
 u - a potion of berserk rage {unknown}
Miscellaneous
 o - a tin of tremorstones (2/2)


   Skills:
 + Level 4.2 Fighting
 - Level 18.0 Axes
 + Level 4.1 Armour
 + Level 0.5 Dodging
 - Level 4.0 Shields


You had 9 spell levels left.
You didn't know any spells.
Your spell library contained the following spells:

 Spells                   Type           Power      Damage    Failure   Level
 Animate Skeleton         Necr           0%         N/A       100%        1
 Apportation              Tloc           0%         N/A       100%        1
 Pain                     Necr           0%         1d4       100%        1
 Summon Small Mammal      Summ           0%         N/A       100%        1
 Ozocubu's Armour         Ice            0%         N/A       100%        3
 Vampiric Draining        Necr           0%         2d6       100%        3
 Metabolic Englaciation   Hex/Ice        0%         N/A       100%        5
 Simulacrum               Ice/Necr       0%         N/A       100%        6


Dungeon Overview and Level Annotations

Branches:
Dungeon (8/15)             Temple (0/1) D:5           Sewer (visited)
   Lair: D:8-11

Altars:
Dithmenos
Makhleb
Uskayaw
Vehumet
Beogh

Shops:
D:3 [   D:5 [   D:6 *   D:7 *

Portals:
Abyss: D:6

Annotations:
D:4 1 transporter, Diggabert's ghost, novice FoAK; Prince Ribbit
D:6 2 transporters, JacoesBerries's ghost, novice DEEE
D:7 3 runed translucent doors, Wobbu's ghost, novice NaWz


Innate Abilities, Weirdness & Mutations

You have supernaturally acute eyesight. (SInv)
You are robust. (+10% HP)
Your spells are a little harder to cast, but a little more powerful.
You sometimes lose the ability to read scrolls when taking damage.


Message History

The phantasmal warrior hits you. You block the death knight's attack.
You closely miss the death knight.
The death knight is moderately wounded.
You hit the phantasmal warrior but do no damage.
The death knight reflects your damage back at you!
The death knight hits you but does no damage.
You slash the death knight!
The death knight looks as sick as possible!
The death knight is heavily wounded.
You closely miss the phantasmal warrior.
You slash the freezing wraith!
The death knight reflects your damage back at you! x2
The freezing wraith hits you!
You feel threatened and lose the ability to read scrolls!
The freezing wraith freezes you! You resist. The freezing wraith hits you.
The phantasmal warrior hits you but does no damage.
The death knight hits you with a +0 broad axe.
* * * LOW HITPOINT WARNING * * *
The death knight's dark mirror aura disappears.
The death knight reflects your damage back at you!
The phantasmal warrior barely misses you.
The phantasmal warrior gestures at you.
The phantasmal warrior blinks!
You can read scrolls again.
You block the phantasmal warrior's attack.
The phantasmal warrior gestures at you.
The phantasmal warrior blinks!
The phantasmal warrior gestures at you.
The phantasmal warrior blinks!
The phantasmal warrior gestures at you.
The phantasmal warrior blinks!
The death knight mumbles some strange prayers to Yredelemnul against you.
You struggle to resist.
There is an open door here.
The phantasmal warrior hits you!!
You feel threatened and lose the ability to read scrolls!
* * * LOW HITPOINT WARNING * * *
The death knight offers itself to Yredelemnul, and fills with unholy energy.
The phantasmal warrior hits you!!
You die...

....+ #.......####...ยง.#
....#########+##.......#..#p....#
.......................#..'.....#
.......................####.....#
####............#+##............#
...#............#..#............#
...#............#..'.WWp...######
...####'##......#W.#.......#....#
.........+......@..#.......'....#
.........#......#..#.......#....#
...#####+#......#..#########....'
...##....#......#..# #.....#
...#<....#......#..# #######
...#.....#......#..# ##
...#.....+......#..# #.
...##..###......#..# #.
...##..#####)...# #.


You could see a phantasmal warrior and a freezing wraith.

Vanquished Creatures
  A two-headed ogre (D:8)
  Pikel (D:5)
  A kobold demonologist (D:8)
  Sigmund (D:2)
  2 steam dragons
  Edmund (D:6)
  An orc warrior (D:6)
  3 black bears
  An ice beast (D:5)
  A sky beast (D:6)
  An ogre (D:5)
  A phantom (D:6)
  4 lemures
  3 bullfrogs
  3 scorpions
  A water moccasin zombie (D:6)
  4 wights (D:7)
  A howler monkey (D:4)
  2 bullfrog zombies (D:5)
  2 centaur skeletons
  2 gnoll shamans
  4 orc priests (D:6)
  2 hounds
  2 jellies
  2 bullfrog skeletons
  Jessica (D:2)
  3 iguanas
  6 orc wizards
  A hell rat (Sewer)
  A scorpion zombie (D:5)
  2 killer bee zombies
  A hound zombie (D:5)
  A hound skeleton (D:4)
  8 gnolls
  4 adders
  3 river rats (Sewer)
  2 white imps (D:8)
  2 worms (D:3)
  5 dart slugs
  21 orcs
  4 ball pythons
  9 endoplasms
  6 giant cockroaches
  6 goblins
  6 hobgoblins
  7 quokkas
  5 bats
  2 frilled lizards
  3 kobolds
  10 rats
166 creatures vanquished.

Notes
Turn   | Place    | Note
-------+----------+-------------------------------------------
     0 | D:1      | safid the Hill Orc Fighter began the quest for the Orb.
     0 | D:1      | Reached XP level 1. HP: 19/19 MP: 1/1
   108 | D:1      | You fall into a shaft and drop 1 floor!
   108 | D:2      | Noticed Jessica
   125 | D:2      | Reached skill level 3 in Axes
   125 | D:2      | Reached XP level 2. HP: 27/27 MP: 2/2
   130 | D:2      | Killed Jessica
   131 | D:2      | Reached XP level 3. HP: 27/33 MP: 3/3
   549 | D:1      | Reached XP level 4. HP: 34/40 MP: 4/4
   764 | D:1      | Reached skill level 4 in Axes
  1475 | D:2      | Noticed Sigmund
  1857 | D:2      | Killed Sigmund
  1858 | D:2      | Reached skill level 7 in Axes
  1858 | D:2      | Reached XP level 5. HP: 11/46 MP: 5/5
  1858 | D:2      | Reached XP level 6. HP: 13/52 MP: 6/6
  2685 | D:3      | Found Axoba's Armour Boutique.
  3011 | D:4      | Found a transporter.
  3015 | D:4      | Noticed Diggabert's ghost (novice FoAK)
  3127 | D:4      | Reached skill level 8 in Axes
  3224 | D:4      | Found a glowing drain.
  3248 | Sewer    | Entered a sewer
  3612 | D:4      | Reached XP level 7. HP: 55/59 MP: 7/7
  3625 | D:4      | Reached skill level 9 in Axes
  4285 | D:5      | Entered Level 5 of the Dungeon
  4519 | D:5      | Found Obiesec's Antique Armour Emporium.
  4520 | D:5      | Noticed Prince Ribbit
  4550 | D:4      | Reached skill level 10 in Axes
  4666 | D:4      | Gained mutation: Your spells are a little harder to cast,
                  | but a little more powerful. [potion of mutation]
  4666 | D:4      | Gained mutation: You sometimes lose the ability to read
                  | scrolls when taking damage. [potion of mutation]
  4666 | D:4      | Gained mutation: You are robust. (+10% HP) [potion of
                  | mutation]
  4666 | D:4      | Gained mutation: You have supernaturally acute eyesight.
                  | (SInv) [potion of mutation]
  4678 | D:5      | Reached skill level 11 in Axes
  4678 | D:5      | Reached XP level 8. HP: 9/72 MP: 8/8
  5176 | D:5      | Noticed Pikel
  5219 | D:5      | Killed Pikel
  5220 | D:5      | Reached skill level 13 in Axes
  5587 | D:5      | Identified the +6 falchion "Pueng" {vorpal, MP+9 Dex+9 SInv
                  | Stlth-}
  5589 | D:5      | Found a staircase to the Ecumenical Temple.
  5779 | D:5      | Reached XP level 9. HP: 65/78 MP: 9/9
  6323 | D:6      | Reached skill level 14 in Axes
  6355 | D:6      | Noticed Edmund
  6361 | D:6      | Killed Edmund
  6714 | D:6      | Reached skill level 15 in Axes
  6966 | D:6      | Found Qijuol's General Store.
  6974 | D:6      | Bought a +2 broad axe of venom for 184 gold pieces
  7195 | D:6      | Noticed JacoesBerries's ghost (novice DEEE)
  7213 | D:6      | Found a transporter.
  7228 | D:6      | Found a transporter.
  7232 | D:6      | Found a one-way gate to the infinite horrors of the Abyss.
  7272 | D:6      | Found a radiant altar of Vehumet.
  7278 | D:6      | Found a shadowy altar of Dithmenos.
  7289 | D:6      | Found a hide-covered altar of Uskayaw.
  7683 | D:6      | Reached skill level 16 in Axes
  8293 | D:7      | Found a burning altar of Makhleb.
  8325 | D:7      | Found Faladeb's General Store.
  8528 | D:7      | Found a runed translucent gate.
  8528 | D:7      | Noticed Wobbu's ghost (novice NaWz)
  8659 | D:7      | Found a runed translucent gate.
  8660 | D:7      | Found a runed translucent gate.
  8982 | D:7      | Found a roughly hewn altar of Beogh.
  8982 | D:7      | Found the +2 cloak of the Thief {*Fog Slay-2 SInv Stlth+}
  9025 | D:8      | Noticed a two-headed ogre
  9030 | D:8      | Killed a two-headed ogre
  9031 | D:8      | Reached skill level 17 in Axes
  9031 | D:8      | Reached XP level 10. HP: 67/85 MP: 10/10
  9164 | D:8      | Noticed a kobold demonologist
  9172 | D:8      | Killed a kobold demonologist
  9173 | D:8      | Reached skill level 18 in Axes
  9283 | D:8      | Noticed a death knight
  9286 | D:8      | Noticed a phantasmal warrior
  9306 | D:8      | HP: 2/86 [phantasmal warrior[a death knight] (27)]
  9308 | D:8      | Demolished by a phantasmal warrior

Illustrated notes

Levels and vault maps discovered:
D:1:      lightli_arrival_quake, layout_loops_ring
D:2:      layout_rooms, uniq_jessica, uniq_sigmund
D:3:      layout_loops_ring, serial_shops, nicolae_shop_stone
D:4:      layout_basic, gammafunk_ghost_mausoleum, portal_sewer_entry_f
D:5:      layout_rooms, minmay_temple_entry_ruins, serial_shops, shop,
          grunt_tough_drop, uniq_pikel, uniq_prince_ribbit1
D:6:      layout_basic, minmay_overflow_temple_star_quad,
          gammafunk_ghost_abyssal_escape, serial_shops, shop, uniq_edmund
D:7:      layout_basic, mainiacjoe_overflow_concentric_impassable, serial_shops,
          shop, biasface_ghost_orc_armoury
D:8:      layout_gridville, item_on_display_a

Skill      XL: |  1  2  3  4  5  6  7  8  9 10 |
---------------+-------------------------------+-----
Axes           | 3 7 8 11 13 17 18 | 18.0
Fighting       | 4 |  4.2
Shields        | 4 |  4.0
Armour         | 4 |  4.1
Dodging        | |  0.5

Action                   |  1- 3 |  4- 6 |  7- 9 | 10-12 || total
-------------------------+-------+-------+-------+-------++-------
Melee: War axe           |    61 |   200 |   236 |       ||   497
       Broad axe         |       |       |    77 |    18 ||    95
  Use: Potion            |       |     1 |     6 |       ||     7
       Scroll            |       |       |     8 |       ||     8
Armor: Scale mail        |     8 |       |       |       ||     8
       Plate armour      |    26 |   127 |   191 |     7 ||   351
Dodge: Dodged            |    24 |    54 |    74 |     5 ||   157
Block: Buckler           |    18 |    52 |    57 |     4 ||   131
